 Seeded DCSS version 0.29-a0-393-g47a863cc1b (webtiles) character file.

Game seed: 62592 (custom seed)

36292 Psyclone the Thaumaturge (level 13, -5/90 HPs)
             Began as an Octopode Ice Elementalist on May 9, 2022.
             Was an Initiate of Gozag.
             Killed from afar by a swamp worm (8 damage)
             ... with a harpoon shot
             ... on level 3 of the Lair of Beasts.
             The game lasted 01:02:33 (23659 turns).

Psyclone the Thaumaturge (OpIE)                    Turns: 23659, Time: 01:02:34

Health: -5/90      AC: 13    Str:  7    XL:     13   Next: 89%
Magic:  3/28       EV: 10    Int: 23    God:    Gozag
Gold:   334        SH:  0    Dex: 18    Spells: 9/34 levels left

rFire   + . .      SeeInvis +   a - +3 dagger (flame)
rCold   + + .      Faith    .   (no shield)
rNeg    . . .      Spirit   .   (helmet restricted)
rPois   +          Reflect  .   (no amulet)
rElec   +          Harm     .   C - +6 ring of dexterity
rCorr   +          Rampage  .   D - +4 ring of protection
Will    .....                   E - +4 ring of protection
Stlth   +++.......              F - ring "Adwek" {Wiz rElec rPois rCorr}
HPRegen 0.25/turn               R - +4 ring of protection
MPRegen 0.21/turn               K - ring of protection from fire
                                f - ring of Okawaru's Displeasure {Wiz rC++}
                                t - ring of see invisible

@: gold aura, flying, held
A: almost no armour, amphibious, 8 rings, camouflage 1, gelatinous body 1,
(nimble swimmer 1), tentacles
a: Renounce Religion, Potion Petition, Call Merchant, Bribe Branch


You were on level 3 of the Lair of Beasts.
You worshipped Gozag.
Gozag was aware of your devotion.
You visited 2 branches of the dungeon, and saw 15 of its levels.
You also visited: Sewer and Bailey.

You collected 4665 gold pieces.
You spent 2729 gold pieces at shops.
You paid 1602 gold pieces to Gozag.

Inventory:

Hand Weapons
 a - a +3 dagger of flaming (weapon)
 I - a +1 hand crossbow of freezing
Missiles
 k - 7 curare-tipped darts (quivered)
 v - 3 throwing nets {!f}
Jewellery
 f - the ring of Okawaru's Displeasure (on tentacle) {Wiz rC++}
   (You bought it in a shop on level 2 of the Dungeon)

   [ring of wizardry]

   It improves your spell success rate.
   rC:        It greatly protects you from cold.
 t - a ring of see invisible (on tentacle)
 C - a +6 ring of dexterity (left tentacle)
 D - a +4 ring of protection (right tentacle)
 E - a +4 ring of protection (on tentacle)
 F - the ring "Adwek" (on tentacle) {Wiz rElec rPois rCorr}
   (You acquired it in a bailey)

   [ring of wizardry]

   It improves your spell success rate.
   rElec:     It insulates you from electricity.
   rPois:     It protects you from poison.
   rCorr:     It protects you from acid and corrosion.
 K - a ring of protection from fire (on tentacle)
 R - a +4 ring of protection (on tentacle)
Wands
 b - a wand of polymorph (21)
 J - a wand of flame (11)
 M - a wand of charming (17)
 N - a wand of acid (1)
 Q - a wand of digging (7)
Scrolls
 d - 2 scrolls of enchant armour {unknown}
 j - a scroll of fear {unknown}
 m - 4 scrolls of brand weapon
 n - 3 scrolls of blinking
 p - 4 scrolls of fog {unknown}
 r - 9 scrolls of identify {@r1}
 w - 10 scrolls of poison
 y - 5 scrolls of immolation
 z - 4 scrolls of enchant weapon {unknown}
 A - 2 scrolls of teleportation {unknown}
 B - a scroll of summoning {unknown}
 L - 2 scrolls of magic mapping
 P - a scroll of torment
Potions
 c - 2 potions of heal wounds
 e - 2 potions of mutation {unknown}
 g - 5 potions of lignification
 i - 3 potions of haste {unknown}
 l - 2 potions of might
 o - a potion of resistance {unknown}
 q - 7 potions of curing {unknown}
 s - 5 potions of attraction {unknown}
 x - 9 potions of ambrosia
 G - a potion of cancellation
 H - 4 potions of brilliance
 S - a potion of berserk rage
Miscellaneous
 O - a condenser vane


   Skills:
 - Level 9.0 Fighting
 - Level 9.0 Dodging
 - Level 2.6 Stealth
 - Level 11.1 Spellcasting
 - Level 3.0 Conjurations
 + Level 10.0 Transmutations
 - Level 9.0 Ice Magic
 - Level 3.0 Air Magic
 + Level 10.0 Earth Magic


You had 9 spell levels left.
You knew the following spells:

 Your Spells              Type           Power      Damage    Failure   Level
a - Freeze                Ice            100%       1d11      1%          1
b - Frozen Ramparts       Ice            100%       1d12      1%          3
c - Statue Form           Tmut/Erth      37%        N/A       3%          6
d - Hailstorm             Conj/Ice       40%        3d10      1%          4
e - Conjure Flame         Conj/Fire      19%        6-21      2%          3
f - Freezing Cloud        Conj/Ice/Air   17%        6-21      5%          5
g - Ozocubu's Armour      Ice            52%        N/A       1%          3

Your spell library contained the following spells:

 Spells                   Type           Power      Damage    Failure   Level
 Beastly Appendage        Tmut           100%       N/A       1%          1
 Wereblood                Tmut           56%        N/A       1%          2
 Ignite Poison            Fire/Tmut/Pois 28%        N/A       1%          3
 Spider Form              Tmut/Pois      35%        N/A       1%          3
 Leda's Liquefaction      Hex/Erth       17%        N/A       1%          4
 Blade Hands              Tmut           28%        N/A       1%          5
 Lee's Rapid Deconstruct  Erth           28%        3d16*     1%          5
 Scorch                   Fire           24%        2d6       2%          2
 Call Canine Familiar     Summ           12%        N/A       4%          3
 Inner Flame              Hex/Fire       12%        N/A       4%          3
 Portal Projectile        Hex/Tloc       24%        N/A       4%          3
 Flame Wave               Conj/Fire      19%        2d6       7%          4
 Sticky Flame             Conj/Fire      19%        2d4       7%          4
 Cause Fear               Hex            6%         N/A       13%         4
 Passage of Golubria      Tloc           12%        N/A       13%         4
 Silence                  Hex/Air        9%         N/A       19%         5
 Simulacrum               Ice/Necr       16%        N/A       30%         6
 Excruciating Wounds      Necr           6%         N/A       32%         5
 Summon Cactus Giant      Summ           6%         N/A       86%         6
 Lehudib's Crystal Spear  Conj/Erth      21%        10d6      99%         8
 Discord                  Hex            6%         N/A       100%        8
 Polar Vortex             Ice            26%        N/A       100%        9


Dungeon Overview and Level Annotations

Branches:
Dungeon (12/15)            Temple (0/1) D:5            Lair (3/6) D:11
 Spider (0/4) Lair:2          Orc (0/2) D:9           Sewer (visited)
 Bailey (visited)
  Swamp: Lair:2-4    Shoals: Lair:2-4

Altars:
Cheibriados
Dithmenos
Elyvilon
Gozag
Ru
Yredelemnul

Shops:
D:2 =   D:5 *?![?   D:6 (   D:11 :   Lair:2 =

Annotations:
D:3 3 runed translucent doors, Foxy's ghost, amateur PaAK
Lair:3 1 transporter


Innate Abilities, Weirdness & Mutations

You cannot wear most types of armour.
You are amphibious.
You can wear up to eight rings at the same time.
Your skin changes colour to match your surroundings (Stealth+).
Your rubbery body absorbs attacks. (AC +1, EV +1)
((You are camouflaged when in or above water. (Stealth+)))
You have tentacles for arms and can constrict up to eight enemies at once.


Message History

Casting: Hailstorm (mildly dangerous; 1% risk of failure)
Press: ? - help, Dir - look around, f - activate A cannonade of hail descends around you!
The hail pelts the briar patch!!
You destroy the briar patch!
The hail pelts the briar patch!
You destroy the briar patch!
The hail pelts the briar patch!
The briar patch is almost destroyed.
The hail pelts the swamp worm!
The swamp worm is heavily wounded.
The swamp worm fires a harpoon shot at you.
The harpoon shot hits you!
You are yanked forward by the harpoon shot.
The swamp worm fires a harpoon shot at you.
The harpoon shot misses you.
The harpoon shot hits the swamp worm!!
The swamp worm dies!
You take 12 damage, and have 31/90 hp.
You now have 2/28 mp.
The swamp worm fires a harpoon shot at you.
The harpoon shot hits you!
* * * LOW HITPOINT WARNING * * *
You are yanked forward by the harpoon shot.
You collide with the briar patch!
The briar patch is severely damaged.
You become entangled in the net!
There is a net trap here.
You see here a throwing net {!f}.
You take 13 damage, and have 18/90 hp.
You struggle against the net.
The swamp worm fires a harpoon shot at you.
The harpoon shot hits you!
* * * LOW HITPOINT WARNING * * *
You are yanked forward by the harpoon shot.
You collide with the briar patch!
The briar patch is destroyed!
* * * LOW HITPOINT WARNING * * *
The swamp worm fires a harpoon shot at you.
The harpoon shot hits you!
You die...
Your body crumbles into a pile of gold.

##......................###..
#...............©............
..............#####....###...
..............#=©[#..........
.<........P...#$$$#..........
............####+####........
.......P#...#w≈.§P§##........
.....#.###..##§.^.§w#........
...######...#♣≈.@☼###.(......
..## ##..###○^.≈$#.....<..
.## ##.#$≈.^§§##........ #
##.##≈§^.≈$#........
#P.#♣≈§^.≈##........
#P.###.©.###.......P
###..#####......#.##
##...©.........##
#.##.....##..##


You could see 2 swamp worms.

Vanquished Creatures
  3 hydras
  4 boulder beetles
  2 two-headed ogres
  A tengu warrior (D:11)
  Urug (Lair:1)
  Sonja (Lair:2)
  3 orc knights (Bailey)
  2 ugly things
  An orc sorcerer (Bailey)
  A wolf spider (Lair:2)
  6 elephants (Lair:2)
  A black mamba (Lair:2)
  A torpor snail (Lair:2)
  Maurice (D:9)
  Joseph (D:7)
  A cane toad (Lair:2)
  2 gargoyles
  Maggie (D:6)
  A kobold demonologist (Bailey)
  Psyche (D:8)
  A rime drake (Lair:2)
  4 komodo dragons
  A queen bee (Lair:1)
  3 hornets
  3 trolls
  9 blink frogs
  4 shadows
  A vampire (D:12)
  2 wyverns
  2 wraiths (D:12)
  28 yaks
  Grum (D:8)
  4 basilisks
  2 steam dragons
  Eustachio (D:5)
  9 vampire mosquitoes (D:12)
  3 redbacks (Lair:2)
  2 swamp worms (Lair:3)
  7 water moccasins
  4 acid dragons
  2 ice beasts (D:5)
  12 orc warriors
  A sky beast (D:6)
  4 black bears
  2 ogres (D:5)
  4 wolves (D:8)
  8 centaurs
  Blork the orc (D:5)
  10 kobold brigands
  2 phantoms
  4 bullfrogs
  3 scorpions
  5 wights (D:7)
  A troll zombie (D:9)
  29 killer bees
  6 electric eels (Bailey)
  2 jellies (D:6)
  Crazy Yiuf (D:5)
  2 hounds
  9 orc priests
  2 gnoll shamans
  4 orc wizards
  12 iguanas
  5 ogre zombies (D:9)
  20 gnolls
  A river rat (D:5)
  14 adders
  An ufetubus (D:6)
  5 worms
  3 dart slugs
  46 orcs
  11 ball pythons
  8 endoplasms
  8 giant cockroaches
  12 goblins
  12 hobgoblins
  3 jackals (D:3)
  38 kobolds
  5 quokkas
  5 bats
  9 frilled lizards
  A goblin skeleton (D:9)
  3 goblin zombies (D:9)
  2 hobgoblin skeletons (D:9)
  2 hobgoblin zombies (D:9)
  2 orc skeletons (D:9)
  9 orc zombies (D:9)
  14 rats
  11 briar patches (Lair:3)
502 creatures vanquished.

Vanquished Creatures (others)
  A swamp worm (Lair:3)
  An orc wizard (D:4)
  2 briar patches (Lair:3)
  19 fungi
  32 plants
55 creatures vanquished.

Grand Total: 557 creatures vanquished

Notes
Turn   | Place    | Note
-------+----------+-------------------------------------------
     0 | D:1      | Psyclone the Octopode Ice Elementalist began the quest for
                  | the Orb.
     0 | D:1      | Reached XP level 1. HP: 11/11 MP: 3/3
   480 | D:1      | Reached XP level 2. HP: 12/17 MP: 1/5
   769 | D:3      | Found a runed translucent gate.
  1125 | D:5      | Entered Level 5 of the Dungeon
  1230 | D:5      | Reached skill level 5 in Ice Magic
  1230 | D:5      | Reached XP level 3. HP: 10/21 MP: 2/6
  1262 | D:5      | Found an opulent altar of Gozag.
  1267 | D:5      | Reached skill level 5 in Spellcasting
  1267 | D:5      | Reached XP level 4. HP: 23/38 MP: 7/11
  1272 | D:5      | Learned a level 3 spell: Frozen Ramparts
  1276 | D:5      | Learned a level 3 spell: Ozocubu's Armour
  1276 | D:5      | Noticed Blork the orc
  1282 | D:5      | Killed Blork the orc
  1283 | D:5      | Reached XP level 5. HP: 24/43 MP: 0/12
  1288 | D:5      | Became a worshipper of Gozag Ym Sagoz the Greedy
  1397 | D:5      | Found a glowing drain.
  1438 | Sewer    | Entered a sewer
  1547 | Sewer    | Reached XP level 6. HP: 49/49 MP: 9/13
  1682 | Sewer    | Reached XP level 7. HP: 37/54 MP: 9/15
  2115 | D:3      | Found a runed translucent gate.
  3478 | D:2      | Found Vedos's Jewellery Boutique.
  4069 | D:3      | Found a runed translucent gate.
  4070 | D:3      | Noticed Foxy's ghost (amateur PaAK)
  4766 | D:3      | Found the +3 giant club "Skullcrusher" {speed, Str+7}
  5112 | D:4      | Reached XP level 8. HP: 61/61 MP: 11/16
  5268 | D:4      | Reached skill level 6 in Spellcasting
  5929 | D:5      | Found Utrev's Assorted Antiques.
  5986 | D:5      | Bought a scroll labelled MUBUYRCH RUCOI for 24 gold pieces
  5986 | D:5      | Bought an inky potion for 21 gold pieces
  5986 | D:5      | Bought a scroll labelled CUTHRE ZIAMOSCH for 24 gold pieces
  6028 | D:5      | Found Qyacreil's Magic Scroll Emporium.
  6096 | D:5      | Found Xud Anir's Armour Shop.
  6103 | D:5      | Found a staircase to the Ecumenical Temple.
  6124 | D:5      | Found Xodujemn's Magic Scroll Emporium.
  6132 | D:5      | Bought a scroll of noise for 10 gold pieces
  6135 | D:5      | Bought a scroll of immolation for 35 gold pieces
  6135 | D:5      | Bought a scroll of immolation for 35 gold pieces
  6135 | D:5      | Bought a scroll of poison for 35 gold pieces
  6653 | D:5      | Noticed Eustachio
  6661 | D:5      | Killed Eustachio
  6943 | D:5      | Found Rul Ypro's Distillery.
  6953 | D:5      | Bought a potion of degeneration for 12 gold pieces
  7075 | D:5      | Found a basalt altar of Yredelemnul.
  7082 | D:5      | Learned a level 4 spell: Hailstorm
  7082 | D:5      | Noticed a gargoyle
  7090 | D:5      | Killed a gargoyle
  7091 | D:5      | Reached skill level 5 in Dodging
  7091 | D:5      | Reached XP level 9. HP: 55/67 MP: 9/19
  7492 | D:5      | Found a runed translucent door.
  7493 | D:5      | Noticed Crazy Yiuf
  7502 | D:5      | Killed Crazy Yiuf
  7990 | D:2      | Bought a +4 ring of protection for 504 gold pieces
  8108 | D:6      | Reached skill level 7 in Spellcasting
  8235 | D:6      | Found Zayri's Weapon Emporium.
  9221 | D:2      | Bought a +4 ring of protection for 504 gold pieces
  9524 | D:6      | Noticed Maggie
  9746 | D:6      | Killed Maggie
  9971 | D:7      | Found a shadowy altar of Dithmenos.
 10035 | D:7      | Reached XP level 10. HP: 74/74 MP: 19/21
 10068 | D:7      | Found a flagged portal.
 10162 | D:7      | Noticed Joseph
 10178 | Bailey   | Entered a bailey
 10256 | Bailey   | Noticed an orc knight
 10269 | Bailey   | Killed an orc knight
 10270 | Bailey   | Reached skill level 8 in Spellcasting
 10369 | Bailey   | Acquired the ring "Adwek" {Wiz rElec rPois rCorr}
 10445 | Bailey   | Noticed a kobold demonologist
 10452 | Bailey   | Killed a kobold demonologist
 10736 | Bailey   | Noticed an orc knight
 10743 | Bailey   | Killed an orc knight
 10836 | Bailey   | Noticed an orc knight
 10845 | Bailey   | Killed an orc knight
 10846 | Bailey   | Reached skill level 9 in Spellcasting
 11485 | Bailey   | Found an iron altar of Okawaru.
 11485 | Bailey   | Noticed an orc sorcerer
 11491 | Bailey   | Noticed a soul eater
 11491 | Bailey   | Killed an orc sorcerer
 11813 | D:7      | Reached XP level 11. HP: 72/80 MP: 16/24
 12043 | D:7      | Killed Joseph
 12751 | D:8      | Noticed Psyche
 12766 | D:8      | Killed Psyche
 12858 | D:8      | Noticed Grum
 12873 | D:8      | Killed Grum
 13226 | D:9      | Noticed Maurice
 13238 | D:9      | Killed Maurice
 13239 | D:9      | Reached skill level 10 in Spellcasting
 13565 | D:9      | Found a staircase to the Orcish Mines.
 14150 | D:9      | Noticed a boulder beetle
 14316 | D:9      | Found a snail-covered altar of Cheibriados.
 14319 | D:9      | Found a white marble altar of Elyvilon.
 14478 | D:9      | Killed a boulder beetle
 14479 | D:9      | Reached skill level 11 in Spellcasting
 14979 | D:2      | Bought the ring of Okawaru's Displeasure {Wiz rC++} for 763
                  | gold pieces
 14979 | D:2      | Bought a ring of see invisible for 210 gold pieces
 15129 | D:10     | Entered Level 10 of the Dungeon
 15149 | D:10     | Learned a level 6 spell: Statue Form
 15277 | D:10     | Reached skill level 1 in Transmutations
 15277 | D:10     | Reached skill level 1 in Earth Magic
 15864 | D:10     | Found a sacrificial altar of Ru.
 16027 | D:11     | Reached XP level 12. HP: 59/85 MP: 20/27
 16143 | D:11     | Noticed a two-headed ogre
 16164 | D:11     | Killed a two-headed ogre
 16256 | D:11     | Noticed a five-headed hydra
 16268 | D:11     | Killed a five-headed hydra
 16948 | D:11     | Found a staircase to the Lair.
 17086 | D:11     | Reached skill level 5 in Transmutations
 17086 | D:11     | Reached skill level 5 in Earth Magic
 17638 | D:11     | Noticed a tengu warrior
 17650 | D:11     | Killed a tengu warrior
 17826 | D:11     | Bought a book of Ice for 552 gold pieces
 17832 | D:11     | Learned a level 5 spell: Freezing Cloud
 18208 | D:12     | Reached skill level 1 in Conjurations
 18208 | D:12     | Reached skill level 1 in Air Magic
 18308 | D:12     | Noticed a two-headed ogre
 18616 | D:12     | Killed a two-headed ogre
 18852 | D:12     | Noticed a boulder beetle
 18864 | D:12     | Killed a boulder beetle
 19296 | D:12     | Noticed a boulder beetle
 19312 | D:12     | Killed a boulder beetle
 19436 | D:12     | Noticed a boulder beetle
 19460 | D:12     | Killed a boulder beetle
 19461 | D:12     | Reached XP level 13. HP: 64/90 MP: 9/28
 20166 | Lair:1   | Entered Level 1 of the Lair of Beasts
 21061 | Lair:1   | Noticed Urug
 21074 | Lair:1   | Killed Urug
 22196 | Lair:2   | Noticed Sonja
 22206 | Lair:2   | Killed Sonja
 22432 | Lair:2   | Found a hole to the Spider Nest.
 22853 | Lair:2   | Learned a level 3 spell: Conjure Flame
 23463 | Lair:3   | Reached skill level 10 in Transmutations
 23463 | Lair:3   | Reached skill level 10 in Earth Magic
 23575 | Lair:3   | Found a transporter.
 23598 | Lair:3   | Found a transporter.
 23659 | Lair:3   | HP: 3/90 [briar patch collision (3)]
 23659 | Lair:3   | Killed from afar by a swamp worm

Illustrated notes

Levels and vault maps discovered:
D:1:      heliophobic_arrival_glass_houses, layout_rooms,
          serial_co_window_serial, co_window_paths_a, co_window_corner_a,
          co_window_cross_1, co_window_corner_a, co_window_paths_b,
          co_window_of_opportunity_b, co_window_broadway_a,
          co_window_of_opportunity_b, co_window_corner_cb,
          co_window_unsneaky_path_e, co_window_broadway_c, co_window_corner_b,
          co_window_paths_e, minmay_misc_feat_four_crosses
D:2:      minmay_angry_zag, layout_basic, serial_shops, shop,
          hangedman_decor_opposing, minmay_domino_2
D:3:      layout_basic, gammafunk_ghost_split, minmay_misc_feat_columns
D:4:      layout_loops_ring, minmay_misc_feat_doors, columned_hall_lemuel
D:5:      layout_loops_ring, grunt_gozag_breadcrumbs, mainiacjoe_overflow_paths,
          minmay_temple_entry_from_below_b, portal_sewer_entry_a, serial_shops,
          shop_fountains, nicolae_shop_overgrown_old_shop, shop,
          nicolae_lakefront_shop, shop, uniq_blork_the_orc, uniq_eustachio,
          uniq_crazy_yiuf_cottage
D:6:      layout_basic, serial_shops, shop, uniq_maggie
D:7:      layout_loops_corners, old_standard_altar, enter_bailey_2, uniq_joseph
D:8:      layout_rooms, minmay_misc_feat_nine_boxes, uniq_psyche, uniq_grum
D:9:      layout_rooms, jmf_multi_god_temple, zombieorc1_lemuel, kennysheep_nub,
          uniq_maurice
D:10:     layout_roguey, mainiacjoe_overflow_alcove_1, wad_floor_pattern_1,
          chequers_serial_rivers_small_b
D:11:     layout_small_grid, grunt_lair_entry_orc_guard_hut, minmay_lizard_king
D:12:     layout_loops_corners
Lair:1:   layout_long_grid, special_room [special_room_bee], uniq_urug
Lair:2:   layout_chaotic_city, spider_nest_entry_funnel_web, uniq_sonja
Lair:3:   gammafunk_worm_tunnel, layout_cave_pods, serial_bayou_shore_a,
          lemuel_fruit_tree, grunt_megastairs_4

Skill      XL: |  1  2  3  4  5  6  7  8  9 10 11 12 13 |
---------------+----------------------------------------+-----
Ice Magic      | 5 7 8 9 |  9.0
Fighting       | 7 8 9 |  9.0
Spellcasting   | 5 6 7 9 11 | 11.1
Dodging        | 3 5 8 9 |  9.0
Transmutations | 3 7 10 | 10.0
Earth Magic    | 3 7 10 | 10.0
Conjurations   | 3 |  3.0
Air Magic      | 3 |  3.0
Stealth        | |  2.6

Action                   |  1- 3 |  4- 6 |  7- 9 | 10-12 | 13-15 || total
-------------------------+-------+-------+-------+-------+-------++-------
Melee: Unarmed           |     5 |       |       |       |       ||     5
       Constrict         |     6 |     6 |    40 |    39 |    13 ||   104
       Tentacles         |     5 |     7 |    71 |   101 |    28 ||   212
       Short sword       |    15 |       |       |       |       ||    15
       Dagger            |       |    23 |   226 |   331 |   105 ||   685
       Punch             |       |       |     5 |     8 |     4 ||    17
Throw: Dart              |       |       |     1 |       |       ||     1
 Cast: Freeze            |    18 |     5 |    40 |    80 |     8 ||   151
       Frozen Ramparts   |       |    11 |    43 |    85 |    35 ||   174
       Ozocubu's Armour  |       |     2 |    16 |    55 |    14 ||    87
       Hailstorm         |       |       |     3 |    29 |    16 ||    48
       Freezing Cloud    |       |       |       |     4 |    10 ||    14
       Statue Form       |       |       |       |     1 |     3 ||     4
Invok: Call Merchant     |       |       |       |     1 |     1 ||     2
  Use: Potion            |     1 |       |     1 |     4 |     2 ||     8
       Scroll            |       |       |       |     7 |     3 ||    10
 Stab: Sleeping          |     3 |     3 |    23 |     8 |     4 ||    41
       Distracted        |       |     1 |     1 |     1 |     1 ||     4
Armor: Skin              |     3 |     1 |    61 |   188 |    76 ||   329
Dodge: Dodged            |    21 |     7 |   163 |   352 |   149 ||   692

Table legend: (Time is in decaauts)
 A = Elapsed time spent in this place.
 B = Non-inter-level travel time spent in this place.
 C = Inter-level travel time spent in this place.
 D = Time resting spent in this place.
 E = Time spent auto-exploring this place.
 F = Levels seen in this place.
 G = Mean time per level.
                   A        B        C        D        E       F      G
               +--------+--------+--------+--------+--------+-----+--------+
         Total |  23785 |  22479 |   1306 |   5097 |  12004 |  17 | 1399.1 |
       Dungeon |  18031 |  16795 |   1236 |   3560 |   9496 |  12 | 1502.6 |
          Lair |   3569 |   3499 |     70 |    316 |   2451 |   3 | 1189.7 |
         Sewer |    576 |    576 |      0 |    240 |     57 |   1 |  576.0 |
        Bailey |   1608 |   1608 |      0 |    981 |      0 |   1 | 1608.0 |
               +--------+--------+--------+--------+--------+-----+--------+

Top non-repeatable levels by time:
     D:5: 2449 daAuts
    D:11: 2300 daAuts
    D:12: 1887 daAuts
  Lair:1: 1797 daAuts
     D:1: 1659 daAuts
     D:6: 1631 daAuts
  Bailey: 1608 daAuts
     D:9: 1606 daAuts
     D:3: 1605 daAuts
  Lair:2: 1548 daAuts
     D:7: 1229 daAuts
     D:2: 1191 daAuts
     D:4: 1068 daAuts
    D:10: 884 daAuts
   Sewer: 576 daAuts
